 Dungeon Crawl Stone Soup version 0.21.1 (webtiles) character file.

24293 troglodite the Fighter (level 12, -5/97 HPs)
             Began as a Demonspawn Berserker on Feb 2, 2018.
             Was a High Priest of Trog.
             Slain by a cyclops (8 damage)
             ... on level 12 of the Dungeon.
             The game lasted 00:48:43 (15151 turns).

troglodite the Fighter (Demonspawn Berserker)      Turns: 15151, Time: 00:48:44

Health: -5/97      AC: 18    Str: 23    XL:     12   Next: 79%
Magic:  0/12       EV:  2    Int: 10    God:    Trog [*****.]
Gold:   935        SH:  0    Dex: 29    Spells: 11/11 levels left

rFire    + . .     SeeInvis .   D - +10 glaive "Hararuso" {chop, *Rage Dex+4}
rCold    + . .     Gourm    .   (shield currently unavailable)
rNeg     + + +     Faith    .   A - +2 troll leather armour {Snorg}
rPois    ∞         Spirit   +   (no helmet)
rElec    .         Reflect  .   q - scarf {rC+ rF+}
rCorr    .         Harm     .   s - +0 pair of gloves
MR       .....     Rnd*Rage +   n - +2 pair of boots
Stlth    ++........             F - amulet of Robler {Inacc +Blink rPois Int+2 Dex+8}
HPRegen  0.66/turn              j - +6 ring of protection
MPRegen  0.26/turn              r - +4 ring of strength

@: petrified
A: talons 2, large bone plates 3, magic shield, magic regeneration
a: Berserk, Trog's Hand, Brothers in Arms, Burn Spellbooks, Renounce Religion,
Evoke Blink


You were on level 12 of the Dungeon.
You worshipped Trog.
Trog was extremely pleased with you.
You were very hungry.

You visited 1 branch of the dungeon, and saw 14 of its levels.
You also visited: Ossuary.

You collected 935 gold pieces.

Inventory:

Hand Weapons
 t - a +1 scimitar of electrocution
 v - a +3 whip of flaming
 D - the +10 glaive "Hararuso" (weapon) {chop, *Rage Dex+4}
   (You found it on level 10 of the Dungeon)

   It inflicts extra damage upon your enemies.
   It affects your dexterity (+4).
   It may make you go berserk in combat.
 L - a +5 long sword
Armour
 n - a +2 pair of boots (worn)
 q - a scarf of resistance (worn)
 s - a +0 pair of gloves (worn)
 w - +0 acid dragon scales
 A - a +2 troll leather armour (worn) {Snorg}
 B - the +0 shield "Acerut" {+Fly rC+}
   (You took it off a gnoll on level 9 of the Dungeon)

   It protects you from cold.
   It lets you fly.
Jewellery
 d - an uncursed amulet of magic regeneration
 j - a +6 ring of protection (left hand)
 r - a +4 ring of strength (right hand)
 u - a +2 ring of intelligence
 E - an uncursed ring of flight
 F - the amulet of Robler (around neck) {Inacc +Blink rPois Int+2 Dex+8}
   (You found it on level 10 of the Dungeon)

   [amulet of inaccuracy]

   It reduces the accuracy of all your attacks.
   It affects your intelligence (+2).
   It affects your dexterity (+8).
   It protects you from poison.
   It lets you blink.
Wands
 f - a wand of flame (31)
 o - a wand of acid (10)
 x - a wand of random effects (37)
Scrolls
 e - 2 scrolls of enchant weapon
 k - 6 scrolls of remove curse
 l - a scroll of enchant armour
 m - 10 scrolls of teleportation
 p - 2 scrolls of blinking
 y - 2 scrolls of fear
 C - a scroll of magic mapping
 G - a scroll of holy word {unknown}
Potions
 a - a potion of ambrosia
 b - 3 potions of haste
 g - 2 potions of mutation
 h - 2 potions of agility
 i - 8 potions of curing
 z - a potion of lignification {unknown}
 H - a potion of magic {unknown}
 I - a potion of flight {unknown}
Comestibles
 c - 20 rations


   Skills:
 * Level 9.9 Fighting
 + Level 6.3 Long Blades
 + Level 8.0 Maces & Flails
 + Level 5.1 Polearms
 * Level 9.3 Armour
 * Level 9.0 Dodging
 - Level 1.4 Stealth
 * Level 6.5 Shields


You had 11 spell levels left.
You didn't know any spells.

Dungeon Overview and Level Annotations

Branches:
Dungeon (14/15)            Temple (0/1) D:6            Lair (0/6) D:10
 Vaults (0/5) D:13
    Orc: D:9-12

Altars:
Elyvilon
Fedhas
Nemelex Xobeh
Okawaru
Ru
Sif Muna
Trog
Uskayaw
Xom
Zin
The Shining One

Shops:
D:5 *}   D:9 %   D:10 *   D:13 ?

Annotations:
D:12 Fannar


Innate Abilities, Weirdness & Mutations

You have razor-sharp toenails.
You are completely covered in large bone plates. (SH +8)
When hurt, damage is shared between your health and your magic reserves.
You regenerate magic rapidly.


Message History

The cyclops hits you!!
* * * LOW HITPOINT WARNING * * *
The yak gores you!
* * * LOW HITPOINT WARNING * * *
The yak gores you!
* * * LOW HITPOINT WARNING * * *
The yak gores you but does no damage. x2
The ice beast hits you but does no damage.
The yak gores you!
* * * LOW HITPOINT WARNING * * *
A bullfrog skeleton comes into view.
The yak gores you.
The cyclops hits you but does no damage.
The yak gores you but does no damage. The yak gores you!
* * * LOW HITPOINT WARNING * * *
The ice beast hits you but does no damage.
The yak gores you.
* * * LOW HITPOINT WARNING * * *
The yak gores you. The cyclops hits you!
You die...

#.# #....# #.# #
#...Z. ... #
#....###.#### #
...........# #
#?.#..... #
#.e###.############
#CYY...............
##@Y##.############
#YY##.# ..Y(.#.#
.....#.#.#
.......#.#.#
.......#...#
.......##..#
.......# ...


You could see Fannar, a cyclops, 5 yaks, an ice beast and a bullfrog skeleton
(wandering).

Vanquished Creatures
  Snorg (D:11)
  Josephine (D:10)
  A hydra (D:13)
  2 dancing weapons (D:13)
  4 two-headed ogres
  An unseen horror (D:10)
  Pikel (D:6)
  2 ugly things (D:13)
  4 cyclopes
  Maurice (D:11)
  5 gargoyles
  2 komodo dragons
  A tengu conjurer (D:13)
  2 trolls
  A polar bear (D:11)
  2 hornets (D:9)
  2 hippogriffs
  3 wraiths
  7 yaks
  4 wyverns
  Grum (D:9)
  A steam dragon (D:10)
  2 hungry ghosts
  A vampire mosquito (D:13)
  2 insubstantial wisps (D:10)
  3 soldier ants
  2 acid dragons
  A water moccasin (D:7)
  A black bear (D:8)
  2 orc warriors
  An eye of draining (D:10)
  2 ice beasts
  5 sky beasts
  2 phantoms
  11 ogres
  2 wolves (D:9)
  8 centaurs
  An elf zombie (Ossuary)
  6 bullfrogs
  A wyvern zombie (D:9)
  A gnoll sergeant (D:9)
  A scorpion (D:9)
  5 killer bees
  4 wights (D:11)
  2 electric eels (D:11)
  4 howler monkeys
  6 crimson imps
  2 bullfrog zombies
  4 centaur zombies
  A quasit (D:9)
  A human zombie (Ossuary)
  2 bullfrog skeletons
  4 hounds
  4 orc priests
  3 jellies
  7 orc wizards
  3 iguanas
  6 worker ants
  A killer bee zombie (D:10)
  A big kobold zombie (Ossuary)
  A hound zombie (D:9)
  2 mummies (Ossuary)
  3 gnolls (D:9)
  A howler monkey skeleton (D:9)
  6 adders
  A shadow imp (D:6)
  3 white imps (D:11)
  An ufetubus (D:11)
  An ooze (D:5)
  3 adder zombies
  3 worms
  2 dart slugs
  7 leopard geckos
  37 orcs
  3 ball pythons
  2 giant cockroaches
  6 goblins
  6 hobgoblins
  7 jackals (D:8)
  A quokka (D:10)
  5 bats
  5 frilled lizards
  A goblin zombie (Ossuary)
  10 hobgoblin zombies (Ossuary)
  A jackal zombie (Ossuary)
  12 kobolds
  10 kobold zombies (Ossuary)
  6 orc zombies (Ossuary)
  4 rats
  A rat zombie (Ossuary)
315 creatures vanquished.

Vanquished Creatures (collateral kills)
  A two-headed ogre (D:8)
  A tengu warrior (D:13)
  An orb spider (shapeshifter) (D:10)
  A manticore (D:10)
  A gargoyle (D:11)
  A troll (D:10)
  A hippogriff (D:8)
  3 wraiths
  An orc warrior (D:9)
  A crimson imp (D:13)
  A hound (D:13)
  A leopard gecko (D:10)
  A giant cockroach (D:8)
15 creatures vanquished.

Vanquished Creatures (others)
  A basilisk (D:12)
  A slave (D:6)
  An ice beast (D:9)
  An ogre (D:9)
  A bullfrog (D:9)
  A worker ant (D:9)
  An adder (D:10)
  3 orcs
  3 plants (D:10)
13 creatures vanquished.

Grand Total: 343 creatures vanquished

Notes
Turn   | Place    | Note
-------+----------+-------------------------------------------
     0 | D:1      | troglodite the Demonspawn Berserker began the quest for the Orb.
     0 | D:1      | Reached XP level 1. HP: 18/18 MP: 1/1
   310 | D:1      | Gained mutation: You have sharp toenails. [demonic ancestry]
   310 | D:1      | Reached XP level 2. HP: 22/24 MP: 2/2
  1147 | D:2      | Reached ** piety under Trog
  1242 | D:2      | Gained mutation: You have razor-sharp toenails. [demonic ancestry]
  1242 | D:2      | Reached XP level 3. HP: 29/29 MP: 3/3
  1315 | D:2      | Found a white marble altar of Elyvilon.
  2109 | D:3      | Found a bloodstained altar of Trog.
  2250 | D:3      | Gained mutation: You are partially covered in large bone plates. (SH +4) [demonic ancestry]
  2250 | D:3      | Reached XP level 4. HP: 34/35 MP: 4/4
  3020 | D:4      | Found a deep blue altar of Sif Muna.
  3298 | D:4      | Gained mutation: You are mostly covered in large bone plates. (SH +6) [demonic ancestry]
  3298 | D:4      | Reached XP level 5. HP: 42/42 MP: 5/5
  3428 | D:5      | Entered Level 5 of the Dungeon
  3723 | D:4      | Gained mutation: When hurt, damage is shared between your health and your magic reserves. [demonic ancestry]
  3723 | D:4      | Reached XP level 6. HP: 25/48 MP: 6/6
  3923 | D:5      | Reached *** piety under Trog
  4032 | D:5      | Found Uhaogoniq's Gadget Boutique.
  4050 | D:5      | Found a blossoming altar of Fedhas.
  4088 | D:5      | Found Zin's Purification Station.
  4093 | D:5      | Found a glowing silver altar of Zin.
  4234 | D:5      | Found a sparkling altar of Nemelex Xobeh.
  4246 | D:5      | Reached XP level 7. HP: 54/54 MP: 7/7
  4543 | D:6      | Noticed Pikel
  4564 | D:6      | Killed Pikel
  4564 | D:6      | Reached skill level 5 in Fighting
  4564 | D:6      | Reached skill level 5 in Long Blades
  4564 | D:6      | Gained mutation: You regenerate magic rapidly. [demonic ancestry]
  4564 | D:6      | Reached XP level 8. HP: 62/62 MP: 5/8
  4660 | D:6      | Found a sacrificial altar of Ru.
  5007 | D:6      | Reached skill level 5 in Armour
  5060 | D:6      | Reached skill level 1 in Maces & Flails
  5065 | D:6      | Found a staircase to the Ecumenical Temple.
  5405 | D:6      | Noticed a two-headed ogre
  5413 | D:6      | Killed a two-headed ogre
  5413 | D:6      | Reached XP level 9. HP: 71/71 MP: 9/9
  5540 | D:6      | Found a glowing golden altar of the Shining One.
  5675 | D:6      | Found an iron altar of Okawaru.
  5903 | D:7      | Reached **** piety under Trog
  6048 | D:7      | Reached skill level 1 in Stealth
  6085 | D:7      | Found a sand-covered staircase.
  6094 | Ossuary  | Entered an ossuary
  6303 | Ossuary  | Reached skill level 5 in Dodging
  6309 | Ossuary  | Reached ***** piety under Trog
  6514 | D:7      | Reached skill level 5 in Maces & Flails
  6795 | D:7      | Identified Arij's Compendium of Entrancing Flames
  7168 | D:8      | Noticed a two-headed ogre
  7180 | D:8      | Killed a two-headed ogre
  7180 | D:8      | Reached XP level 10. HP: 78/79 MP: 7/10
  7322 | D:8      | Noticed a two-headed ogre
  7331 | D:8      | Killed a two-headed ogre
  7434 | D:8      | Found a sacrificial altar of Ru.
  8238 | D:8      | Noticed a two-headed ogre
  8250 | D:8      | Killed a two-headed ogre
  8873 | D:9      | Found a shimmering altar of Xom.
  9154 | D:9      | Noticed Grum
  9161 | D:9      | Killed Grum
  9486 | D:9      | Got a shimmering shield
  9501 | D:9      | Identified the +0 shield "Acerut" {+Fly rC+} (You took it off a gnoll on level 9 of the Dungeon)
  9523 | D:9      | Found a hide-covered altar of Uskayaw.
  9622 | D:9      | Reached XP level 11. HP: 80/87 MP: 11/11
 10066 | D:9      | Reached skill level 1 in Shields
 10101 | D:9      | Found Erap's Food Emporium.
 10228 | D:10     | Entered Level 10 of the Dungeon
 10279 | D:10     | Noticed an orb spider
 10282 | D:10     | Received a gift from Trog
 10288 | D:10     | Killed an orb spider
 11140 | D:10     | Noticed a two-headed ogre
 11141 | D:10     | Found a staircase to the Lair.
 11151 | D:10     | Killed a two-headed ogre
 11585 | D:10     | Noticed Josephine
 11586 | D:10     | Found Ydwim's General Store.
 11865 | D:10     | Killed Josephine
 12706 | D:10     | Got a smoking bardiche
 12718 | D:10     | Got a shimmering glaive
 12723 | D:10     | Got a heavily runed steel amulet
 12832 | D:10     | HP: 4/89 [something (2)]
 13188 | D:9      | Identified the +10 glaive "Hararuso" {chop, *Rage Dex+4} (You found it on level 10 of the Dungeon)
 13189 | D:9      | Identified the +3 bardiche of Light {chop, *Rage rPois Str+3} (You found it on level 10 of the Dungeon)
 13196 | D:9      | Identified the amulet of Robler {Inacc +Blink rPois Int+2 Dex+8} (You found it on level 10 of the Dungeon)
 13253 | D:10     | Killed an unseen horror
 13354 | D:11     | Noticed Maurice
 13362 | D:11     | Killed Maurice
 13366 | D:11     | Reached skill level 5 in Shields
 13438 | D:11     | Reached skill level 1 in Polearms
 13650 | D:11     | Noticed Snorg
 13664 | D:11     | Killed Snorg
 13664 | D:11     | Gained mutation: You are completely covered in large bone plates. (SH +8) [demonic ancestry]
 13664 | D:11     | Reached XP level 12. HP: 95/95 MP: 9/12
 14129 | D:11     | You fall through a shaft for 3 floors!
 14273 | D:13     | Found Cextod's Magic Scroll Shoppe.
 14467 | D:13     | Found a gate to the Vaults.
 14511 | D:13     | Noticed a tengu warrior
 14538 | D:13     | Killed a tengu warrior
 14555 | D:13     | Noticed a seven-headed hydra
 14571 | D:13     | Killed a 13-headed hydra
 14649 | D:13     | Received a gift from Trog
 15132 | D:12     | Reached skill level 5 in Polearms
 15137 | D:12     | Noticed Fannar
 15150 | D:12     | HP: 3/97 [yak (5)]
 15151 | D:12     | Slain by a cyclops

Skill      XL: |  1  2  3  4  5  6  7  8  9 10 11 12 |
---------------+-------------------------------------+-----
Dodging        | 2 3 4 5 6 8 9 |  9.0
Armour         | 2 3 4 5 6 7 8 9 |  9.3
Long Blades    | 3 4 5 6 |  6.3
Fighting       | 4 5 6 7 8 9 |  9.9
Maces & Flails | 3 6 7 8 |  8.0
Stealth        | 1 |  1.4
Shields        | 5 6 |  6.5
Polearms       | 2 5 |  5.1

Action                   |  1- 3 |  4- 6 |  7- 9 | 10-12 || total
-------------------------+-------+-------+-------+-------++-------
Melee: Falchion          |    96 |   143 |    58 |       ||   297
       Kick              |    21 |     8 |       |       ||    29
       Whip              |       |       |   412 |   656 ||  1068
       Glaive            |       |       |       |   256 ||   256
Invok: Berserk           |       |     3 |     8 |    12 ||    23
       Burn Spellbooks   |       |     1 |     1 |     3 ||     5
       Brothers in Arms  |       |       |       |     6 ||     6
  Use: Scroll            |       |     3 |    10 |     5 ||    18
       Potion            |       |       |     1 |       ||     1
 Stab: Sleeping          |       |       |       |     8 ||     8
       Distracted        |       |       |       |     2 ||     2
  Eat: Chunk             |     4 |     9 |    14 |    24 ||    51
       Ration            |       |       |     1 |     6 ||     7
Armor: Animal skin       |     5 |       |       |       ||     5
       Ring mail         |    35 |    68 |    68 |   312 ||   483
       Plate armour      |       |       |   184 |       ||   184
       Scale mail        |       |       |       |   107 ||   107
       Acid dragon scale |       |       |       |    30 ||    30
       Troll leather arm |       |       |       |   150 ||   150
Dodge: Dodged            |    65 |    72 |   198 |   734 ||  1069
Block: Other             |       |    32 |   143 |   238 ||   413
       Shield            |       |       |       |   323 ||   323
       Rpst.: Falchion   |    17 |    21 |    12 |       ||    50
